 Dungeon Crawl Stone Soup version 0.21.1-1-g345015f (webtiles) character file.

63 letownia2 the Poker (level 4, -1/33 HPs)
             Began as a Merfolk Skald on Mar 12, 2018.
             Killed from afar by an orc wizard (7 damage)
             ... with a puff of flame
             ... on level 3 of the Dungeon.
             The game lasted 00:03:52 (567 turns).

letownia2 the Poker (Merfolk Skald)                  Turns: 567, Time: 00:03:53

Health: -1/33      AC:  5    Str: 11    XL:     4   Next: 10%
Magic:  1/7        EV: 12    Int: 13    God:
Gold:   27         SH:  0    Dex: 13    Spells: 1/7 levels left

rFire    . . .     SeeInvis .   g - +1 morningstar (venom)
rCold    . . .     Gourm    .   (no shield)
rNeg     . . .     Faith    .   b - +0 leather armour
rPois    .         Spirit   .   (no helmet)
rElec    .         Reflect  .   (no cloak)
rCorr    .         Harm     .   f - +1 pair of gloves
MR       .....                  (no boots)
Stlth    +.........             (no amulet)
HPRegen  0.11/turn              (no ring)
MPRegen  0.10/turn              (no ring)

@: shrouded, very slightly contaminated
A: change form in water, swift swim, stealthy swim
a: no special abilities


You were on level 3 of the Dungeon.
You were hungry.

You visited 1 branch of the dungeon, and saw 3 of its levels.

You collected 27 gold pieces.

Inventory:

Hand Weapons
 a - a +0 spear
 g - a +1 morningstar of venom (weapon)
Missiles
 k - 12 sling bullets
Armour
 b - a +0 leather armour (worn)
 f - a +1 pair of gloves (worn)
Scrolls
 e - a scroll of enchant weapon {unknown}
 h - 3 scrolls of teleportation {unknown}
 j - a scroll of identify {unknown}
Potions
 i - 2 potions of resistance {unknown}
 l - a potion of cancellation {unknown}
Books
 c - a book of Battle

   Spells                             Type                      Level
   a - Infusion                       Charms                       1
   b - Shroud of Golubria             Charms/Translocation         2
   c - Song of Slaying                Charms                       2
   d - Spectral Weapon                Hexes/Charms                 3
   e - Regeneration                   Charms/Necromancy            3
Comestibles
 d - a ration


   Skills:
 - Level 2.1 Fighting
 - Level 4.2 Polearms
 - Level 0.6 Armour
 - Level 2.6 Dodging
 - Level 2.0 Spellcasting
 - Level 1.5 Hexes
 + Level 3.7 Charms
 - Level 1.3 Translocations


You had one spell level left.
You knew the following spells:

 Your Spells              Type           Power        Failure   Level  Hunger
a - Infusion              Chrm           ##..         7%          1    ##.....
t - Shroud of Golubria    Chrm/Tloc      #.........   19%         2    ###....
x - Spectral Weapon       Hex/Chrm       #.......     34%         3    ####...


Dungeon Overview and Level Annotations

Branches:
Dungeon (3/15)

Altars:


Message History

You miscast Shroud of Golubria.
You are very lightly contaminated with residual magic.
Your skin tingles.
The bat hits you but does no damage. The bat misses you. Something hits you.
Unknown command.
Casting: Shroud of Golubria
Confirm with . or Enter, or press ? or * to list all spells.
Space distorts slightly along a thin shroud covering your body.
The bat misses you.
You hear some strange, mumbled words.
A magic dart appears from out of thin air!
The magic dart hits you!
* * * LOW HITPOINT WARNING * * *
Something hits you but does no damage.
You miss something. The bat barely misses you.
The bat hits you but does no damage.
You hear some strange, mumbled words.
A puff of flame appears from out of thin air!
The puff of flame hits you!
You die...

#...# #. #oo.# #.#
#...# #.###...# ...
..oo# . #.# ##..# ...
#.# #...# #....
####.###.((####......
#........(o{@b....(..
####.###########.....
#........ ...
#.####### . #.# #.#
#.# #.# #.# #.# #.# .
##[#


You could see an orc and a bat.

Vanquished Creatures
  A gnoll (D:1)
  An adder (D:2)
  A dart slug (D:1)
  2 leopard geckos
  3 orcs (D:3)
  2 bats (D:1)
  2 giant cockroaches (D:1)
  3 hobgoblins
  7 jackals
  A ball python (D:1)
  3 frilled lizards (D:1)
  4 goblins
  5 kobolds
  3 rats (D:1)
38 creatures vanquished.

Notes
Turn   | Place    | Note
-------+----------+-------------------------------------------
     0 | D:1      | letownia2 the Merfolk Skald began the quest for the Orb.
     0 | D:1      | Reached XP level 1. HP: 16/16 MP: 3/3
    67 | D:1      | Reached skill level 4 in Polearms
    67 | D:1      | Reached XP level 2. HP: 8/22 MP: 1/5
    79 | D:1      | Learned a level 2 spell: Shroud of Golubria
   247 | D:2      | Reached skill level 1 in Translocations
   247 | D:2      | Reached XP level 3. HP: 15/27 MP: 1/6
   252 | D:2      | Learned a level 3 spell: Spectral Weapon
   345 | D:1      | Reached skill level 1 in Hexes
   507 | D:3      | Reached XP level 4. HP: 32/33 MP: 3/7
   567 | D:3      | Killed from afar by an orc wizard

Skill      XL: |  1  2  3 |
---------------+----------+-----
Polearms       | 4 |  4.2
Translocations | 1 |  1.3
Hexes          | 1 |  1.5
Fighting       | |  2.1
Armour         | |  0.6
Dodging        | |  2.6
Spellcasting   | |  2.0
Charms         | |  3.7

Action                   |  1- 3 |  4- 6 || total
-------------------------+-------+-------++-------
Melee: Spear             |   154 |     3 ||   157
       Morningstar       |       |     7 ||     7
Throw: Javelin           |     2 |     4 ||     6
 Cast: Infusion          |     2 |       ||     2
       Shroud of Golubri |    14 |     3 ||    17
Armor: Leather armour    |    45 |    18 ||    63
Dodge: Dodged            |    87 |    17 ||   104
